 Dungeon Crawl Stone Soup version 0.30-a0-465-g8901f6c8b5 (webtiles) character file.

Game seed: 9258997456302731484

73 Bnni the Grave Robber (level 4, -6/32 HPs)
             Began as a Demonspawn Necromancer on Dec 18, 2022.
             Killed from afar by Natasha (7 damage)
             ... with a magic dart
             ... on level 2 of the Dungeon.
             The game lasted 00:03:18 (1243 turns).

Bnni the Grave Robber (Demonspawn Necromancer)      Turns: 1243, Time: 00:03:18

Health: -6/32      AC:  6    Str:  8    XL:     4   Next: 8%
Magic:  5/7        EV: 12    Int: 19    God:
Gold:   23         SH:  0    Dex: 13    Spells: 4/8 levels left

rFire   . . .      SeeInvis .    i - +0 dagger
rCold   . . .      Faith    .    (no shield)
rNeg    . . .      Spirit   .    a - +0 robe
rPois   .          Reflect  .    (no helmet)
rElec   .          Harm     .    (no cloak)
rCorr   +          Rampage  .    (no gloves)
Will    .....                    (no boots)
Stlth   ++........               e - amulet of magic regeneration
HPRegen 0.25/turn                (no ring)
MPRegen 0.50/turn                (no ring)

@: no status effects
A: yellow scales 3
a: no special abilities


You were on level 2 of the Dungeon.
You visited 1 branch of the dungeon, and saw 2 of its levels.

You collected 23 gold pieces.

Inventory:

Hand Weapons
 i - a +0 dagger (weapon)
Missiles
 k - 6 poisoned darts
Armour
 a - a +0 robe (worn)
 f - a +0 buckler
Jewellery
 e - an amulet of magic regeneration (around neck)
 o - a ring of fire
Scrolls
 c - a scroll of vulnerability {unknown}
 g - 3 scrolls of identify {unknown}
 j - a scroll of enchant armour {unknown}
 l - a scroll of summoning {unknown}
Potions
 b - a potion of magic
 d - a potion of berserk rage {unknown}
 h - a potion of curing {unknown}
 m - a potion of haste {unknown}
 n - a potion of cancellation {unknown}


   Skills:
 + Level 1.6 Fighting
 - Level 1.7 Dodging
 - Level 1.7 Stealth
 + Level 2.6 Spellcasting
 * Level 5.4 Necromancy


You had 4 spell levels left.
You knew the following spells:

 Your Spells              Type           Power      Damage    Failure   Level
a - Necrotise             Necr           92%        1d8       1%          1
c - Vampiric Draining     Necr           23%        2d7       5%          3

Your spell library contained the following spells:

 Spells                   Type           Power      Damage    Failure   Level
 Animate Dead             Necr           23%        N/A       17%         4
 Agony                    Necr           23%        N/A       43%         5


Dungeon Overview and Level Annotations

Branches:
Dungeon (2/15)

Altars:

Annotations:
D:2 Natasha, Robin, Terence


Innate Abilities, Weirdness & Mutations

You are completely covered in yellow scales. (AC +4, rCorr)


Message History

Aim: an adder (asleep, chance to affect: 85%)
The adder writhes in agony!
Unknown command.
Aiming: Necrotise (safe; 1% risk of failure)
Press: ? - help, Q - select action, (/) - cycle Shift-Dir - straight line, f/p - adder
Aim: an adder (severely wounded, chance to affect: 85%)
The adder writhes in agony.
You kill the adder!
The dead are slithering!
You have reached level 4!
You feel clever.
Your demonic ancestry asserts itself...
Yellow scales cover your body completely.
g - 3 scrolls labelled LOPHYKE QOISS (gained 1) Natasha, Servant of Life and Death comes into view.
She is carrying a wand of quicksilver (5).
Natasha stares at you and mumbles some strange words.
The magic dart hits you.
o - a ring of fire Natasha zaps a wand.
The bolt of dispelling energy hits you!
Natasha zaps a wand.
The bolt of dispelling energy hits you!
* * * LOW HITPOINT WARNING * * *
Aiming: Necrotise (safe; 1% risk of failure)
Press: ? - help, Q - select action, (/) - cycle Shift-Dir - straight line, f - Natasha
Aim: Natasha, carrying a wand of quicksilver (3) (ally target, chance to affect: 81%) Natasha writhes in agony.
Natasha zaps a wand.
The bolt of dispelling energy misses you.
Aiming: Necrotise (safe; 1% risk of failure)
Press: ? - help, Q - select action, (/) - cycle Shift-Dir - straight line, f/p - Natasha
Aim: Natasha, carrying a wand of quicksilver (2) (lightly wounded, ally target, chance to affect: 81%) Natasha writhes in agony!
Natasha zaps a wand.
The bolt of dispelling energy hits you!
* * * LOW HITPOINT WARNING * * *
Your adder skeleton misses Natasha.
Aiming: Necrotise (safe; 1% risk of failure)
Press: ? - help, Q - select action, (/) - cycle Shift-Dir - straight line, f/p - Natasha
Aim: Natasha, carrying a wand of quicksilver (1) (severely wounded, ally target, chance to affect: 81%) Natasha writhes in agony.
Natasha stares at you and mumbles some strange words.
The magic dart hits you!
You die...

... #..# ... ..
#...## ....#######
.....## #..........#
##..... #..........#
.......
##........!.###
.......
#.........?...# .#...
#.............# .
....
#......#.....@#..
#.#...
###..........>.......
#.#...
#................#...
#.....
#.......##.....Zh..
###...
#....................
#.....
#..................#.
##.....
######...............
#......
#...............
#...... #......#+#..
......#.


You could see Natasha (ally target) and a friendly adder skeleton.

Vanquished Creatures
  Natasha (D:2)
  An adder (D:2)
  A bat (D:2)
  3 endoplasms
  5 giant cockroaches
  7 goblins
  A hobgoblin (D:1)
  4 jackals (D:1)
  A quokka (D:2)
  2 ball pythons (D:1)
  2 frilled lizards
  4 kobolds (D:1)
  4 rats
36 creatures vanquished.

Notes
Turn   | Place    | Note
-------+----------+-------------------------------------------
     0 | D:1      | Bnni the Demonspawn Necromancer began the quest for the
                  | Orb.
     0 | D:1      | Reached XP level 1. HP: 13/13 MP: 3/3
   118 | D:1      | Gained mutation: You are partially covered in yellow
                  | scales. (AC +2) [demonic ancestry]
   118 | D:1      | Reached XP level 2. HP: 9/20 MP: 0/5
   596 | D:1      | Reached skill level 1 in Fighting
   889 | D:2      | Reached skill level 5 in Necromancy
   905 | D:2      | Noticed Terence
   914 | D:2      | Gained mutation: You are mostly covered in yellow scales.
                  | (AC +3) [demonic ancestry]
   914 | D:2      | Reached XP level 3. HP: 26/26 MP: 4/6
  1032 | D:1      | Learned a level 3 spell: Vampiric Draining
  1081 | D:2      | Noticed Robin
  1177 | D:2      | Noticed Natasha
  1182 | D:2      | Killed Natasha
  1229 | D:2      | Gained mutation: You are completely covered in yellow
                  | scales. (AC +4, rCorr) [demonic ancestry]
  1229 | D:2      | Reached XP level 4. HP: 32/32 MP: 5/7
  1236 | D:2      | Noticed Natasha
  1242 | D:2      | HP: 1/32 [Natasha/bolt of dispelling energy (7)]
  1243 | D:2      | Killed from afar by Natasha

Illustrated notes

Levels and vault maps discovered:
D:1:      saegor_arrival_simple_d, layout_loops_ring
D:2:      layout_basic, uniq_sigmund, uniq_terence, uniq_natasha, uniq_robin

Skill      XL: |  1  2 |
---------------+-------+-----
Fighting       | 1 |  1.6
Necromancy     | 5 |  5.4
Dodging        | |  1.7
Stealth        | |  1.7
Spellcasting   | |  2.6

Action                   |  1- 3 |  4- 6 || total
-------------------------+-------+-------++-------
Melee: Short sword       |    12 |       ||    12
       Unarmed           |     2 |       ||     2
       Dagger            |    18 |       ||    18
 Cast: Necrotise         |    53 |     3 ||    56
 Stab: Sleeping          |     1 |       ||     1
Armor: Robe              |    15 |       ||    15
Dodge: Dodged            |    27 |     1 ||    28

Table legend: (Time is in decaauts)
 A = Elapsed time spent in this place.
 B = Non-inter-level travel time spent in this place.
 C = Inter-level travel time spent in this place.
 D = Time resting spent in this place.
 E = Time spent auto-exploring this place.
 F = Levels seen in this place.
 G = Mean time per level.
                   A        B        C        D        E       F      G
               +--------+--------+--------+--------+--------+-----+--------+
         Total |   1244 |   1221 |     23 |    155 |    777 |   2 |  622.0 |
       Dungeon |   1244 |   1221 |     23 |    155 |    777 |   2 |  622.0 |
               +--------+--------+--------+--------+--------+-----+--------+

Top non-repeatable levels by time:
     D:1: 958 daAuts
     D:2: 286 daAuts
